 Dungeon Crawl Stone Soup version 0.21.1-1-g345015fe64 (webtiles) character file.

371 Elmor the Chopper (level 6, -4/46 HPs)
             Began as a Demonspawn Gladiator on Mar 30, 2018.
             Was a Follower of Wu Jian.
             Slain by an orc warrior
             ... wielding a +0 battleaxe
              (14 damage)
             ... on level 3 of the Dungeon.
             The game lasted 00:09:10 (2554 turns).

Elmor the Chopper (Demonspawn Gladiator)            Turns: 2554, Time: 00:09:11

Health: -4/46      AC:  6    Str: 17    XL:     6   Next: 42%
Magic:  0/6        EV: 13    Int: 10    God:    Wu Jian [*.....]
Gold:   88         SH:  0    Dex: 13    Spells: 5/5 levels left

rFire    x . .     SeeInvis .   a - +1 war axe
rCold    + . .     Gourm    .   (no shield)
rNeg     . . .     Faith    .   b - +0 leather armour
rPois    .         Spirit   +   c - +0 helmet
rElec    .         Reflect  .   (no cloak)
rCorr    .         Harm     .   (no gloves)
MR       .....                  (no boots)
Stlth    +.........             (no amulet)
HPRegen  0.15/turn              q - ring of ice
MPRegen  0.10/turn              (no ring)

@: no status effects
A: claws 1, iridescent scales 2, clumsy 1, deformed body, strong 1, magic shield
a: Renounce Religion


You were on level 3 of the Dungeon.
You worshipped Wu Jian.
Wu Jian was aware of your devotion.
You were very hungry.

You visited 1 branch of the dungeon, and saw 3 of its levels.

You collected 88 gold pieces.

Inventory:

Hand Weapons
 a - a +1 war axe (weapon)
Missiles
 d - 3 throwing nets (quivered)
Armour
 b - a +0 leather armour (worn)
 c - a +0 helmet (worn)
Jewellery
 q - a ring of ice (left claw)
Wands
 n - a wand of digging (9)
Scrolls
 g - 5 scrolls of identify
 i - a scroll of enchant weapon
 j - a scroll of remove curse
Potions
 h - a potion of flight {unknown}
Comestibles
 f - 5 rations


   Skills:
 + Level 2.9 Fighting
 + Level 5.5 Axes
 + Level 2.0 Throwing
 + Level 2.0 Armour
 + Level 3.1 Dodging
 + Level 0.4 Stealth


You had 5 spell levels left.
You didn't know any spells.

Dungeon Overview and Level Annotations

Branches:
Dungeon (3/15)

Altars:
Elyvilon
Trog
Wu Jian


Innate Abilities, Weirdness & Mutations

You have sharp fingernails.
You are mostly covered in iridescent scales. (AC +4)
When hurt, damage is shared between your health and your magic reserves.
You are clumsy. (Dex -2)
Armour fits poorly on your strangely shaped body.
Your muscles are strong. (Str +2)


Message History

The Council accepts your kill.
You closely miss the orc priest. You slash the orc priest!
The orc priest is heavily wounded.
You closely miss the orc warrior. The orc warrior misses you.
The orc priest hits you with a dagger.
* * * LOW HITPOINT WARNING * * *
You hit the orc priest.
The orc priest is severely wounded.
You barely miss the orc warrior.
The orc priest calls upon Beogh to heal the orc warrior.
The orc warrior's wounds heal themselves!
The orc warrior barely misses you.
You hit the orc priest.
You kill the orc priest!
The Council accepts your kill.
Your Armour skill increases to level 2!
You hit the orc warrior but do no damage.
The orc warrior hits you with a battleaxe!
You die...

# . # ..## ## .. . #
##.##. .##. ##. # #..#(.
...###.. #
#..##.#.##.#.## #
##...##.##.....##.## #
#................... #
#.#####....÷)#
######.#####.###@)#
)............# ##o##
####.......#####...##
#...÷...#.## ##.....##
#.##.##.#.####.......###
#.##.##.#.##....._.....#
.............#.......#...
#.##.##.#######.....##.##
#.##.##.# ##...## #


You could see an orc warrior.

Vanquished Creatures
  A phantom (D:3)
  A jelly (D:2)
  An orc priest (D:3)
  An orc wizard (D:3)
  A worker ant (D:3)
  Natasha (thrice) (D:2)
  3 adders
  An ooze (D:1)
  A worm (D:2)
  3 leopard geckos
  3 orcs (D:3)
  2 giant cockroaches
  9 hobgoblins
  3 jackals (D:1)
  A quokka (D:2)
  A ball python (D:1)
  6 bats
  6 frilled lizards
  8 goblins
  5 kobolds
  3 rats
63 creatures vanquished.

Notes
Turn   | Place    | Note
-------+----------+-------------------------------------------
     0 | D:1      | Elmor the Demonspawn Gladiator began the quest for the Orb.
     0 | D:1      | Reached XP level 1. HP: 16/16 MP: 1/1
   105 | D:1      | Reached skill level 3 in Axes
   105 | D:1      | Gained mutation: You are partially covered in iridescent scales. (AC +2) [demonic ancestry]
   105 | D:1      | Reached XP level 2. HP: 17/22 MP: 2/2
   462 | D:1      | Gained mutation: You are mostly covered in iridescent scales. (AC +4) [demonic ancestry]
   462 | D:1      | Reached XP level 3. HP: 25/27 MP: 3/3
   963 | D:2      | Noticed Natasha
   975 | D:2      | Killed Natasha
  1245 | D:2      | Reached skill level 1 in Armour
  1245 | D:2      | Gained mutation: You have sharp fingernails. [demonic ancestry]
  1245 | D:2      | Reached XP level 4. HP: 27/34 MP: 4/4
  1276 | D:2      | Found an ornate altar of the Wu Jian Council.
  1286 | D:2      | Became a worshipper of the Wu Jian Council
  1319 | D:2      | Found a white marble altar of Elyvilon.
  1470 | D:2      | Noticed Natasha
  1473 | D:2      | Reached skill level 4 in Axes
  1482 | D:2      | Killed Natasha
  1491 | D:2      | Noticed Natasha
  1496 | D:2      | Killed Natasha
  1496 | D:2      | Gained mutation: When hurt, damage is shared between your health and your magic reserves. [demonic ancestry]
  1496 | D:2      | Reached XP level 5. HP: 21/39 MP: 5/5
  2064 | D:2      | Gained mutation: Armour fits poorly on your strangely shaped body. [potion of mutation]
  2064 | D:2      | Gained mutation: You are clumsy. (Dex -2) [potion of mutation]
  2064 | D:2      | Gained mutation: Your muscles are strong. (Str +2) [potion of mutation]
  2191 | D:3      | Noticed a phantom
  2208 | D:3      | Killed a phantom
  2208 | D:3      | Reached skill level 5 in Axes
  2208 | D:3      | Reached XP level 6. HP: 33/46 MP: 6/6
  2217 | D:3      | Found a bloodstained altar of Trog.
  2241 | D:3      | Noticed an orc warrior
  2297 | D:3      | Reached * piety under Wu Jian
  2554 | D:3      | Slain by an orc warrior

Skill      XL: |  1  2  3  4  5  6 |
---------------+-------------------+-----
Axes           | 3 4 5 |  5.5
Throwing       | 2 |  2.0
Dodging        | 3 |  3.1
Armour         | 1 2 |  2.0
Fighting       | |  2.9
Stealth        | |  0.4

Action                   |  1- 3 |  4- 6 || total
-------------------------+-------+-------++-------
Melee: War axe           |    78 |   100 ||   178
Invok: Lunge             |       |     9 ||     9
  Use: Scroll            |       |     9 ||     9
       Potion            |       |     3 ||     3
 Stab: Sleeping          |       |     2 ||     2
  Eat: Ration            |     1 |       ||     1
       Chunk             |       |     1 ||     1
Armor: Leather armour    |    34 |    48 ||    82
Dodge: Dodged            |    71 |    61 ||   132
